 Dungeon Crawl Stone Soup version 0.13-a0-3016-gcb2faac (webtiles) character file.

128 PolkaDot the Vexing (level 3, 0/24 HPs)
             Began as a Vampire Enchanter on Sept 14, 2013.
             Slain by Edwina's ghost (6 damage)
             ... on Level 3 of the Dungeon.
             The game lasted 00:03:29 (1371 turns).

PolkaDot the Vexing (Vampire Enchanter)             Turns: 1371, Time: 00:03:29

HP   0/24        AC  3     Str 12      XL: 3   Next: 60%
MP   1/7         EV 12     Int 18      God:
Gold 76          SH  0     Dex 14      Spells:  2 memorised,  0 levels left

Res.Fire  : . . .   See Invis. : +   a - +1 dagger {=f}
Res.Cold  : + . .   Warding    : .   b - +1 robe
Life Prot.: + + .   Conserve   : .   (no shield)
Res.Poison: +       Res.Corr.  : .   (no helmet)
Res.Elec. : .       Clarity    : .   (no cloak)
Sust.Abil.: . .     Spirit.Shd : .   (no gloves)
Res.Mut.  : .       Stasis     : .   (no boots)
Res.Rott. : +       Flight     : .   (no amulet)
Saprovore : . . .                    (no ring)
                                     (no ring)

@: regenerating slowly, mighty, very slightly contaminated, slightly resistant
to hostile enchantments, stealthy
A: fangs 3, see invisible, unbreathing
a: Bat Form


You were on level 3 of the Dungeon.
You were very thirsty.

You visited 1 branch of the dungeon, and saw 3 of its levels.

You collected 56 gold pieces.

Inventory:

Hand weapons
 a - a +1,+1 dagger (weapon) {=f}
Missiles
 d - 12 darts (quivered)
Armour
 b - a +1 robe (worn)
Scrolls
 f - 3 scrolls of identify {unknown}
 g - a scroll of remove curse {unknown}
 j - a scroll of enchant weapon II {unknown}
 k - a scroll of teleportation {unknown}
 o - a scroll of noise {unknown}
Potions
 e - a potion of blood
 n - a potion of brilliance {unknown}
Books
 c - a book of Maledictions

   Spells                             Type                      Level
   *Corona                            Hexes                        1
   Sure Blade                         Hexes/Charms                 2
   Ensorcelled Hibernation            Hexes/Ice                    2
   *Confuse                           Hexes                        3
   Enslavement                        Hexes                        4
   Invisibility                       Hexes                        6


   Skills:
 - Level 2.1 Short Blades
 - Level 0.7 Throwing
 - Level 2.1 Dodging
 + Level 3.3 Stealth
 + Level 1.4 Spellcasting
 * Level 5.7 Hexes


You couldn't memorise any spells.
You knew the following spells:

 Your Spells              Type           Power        Failure   Level  Hunger
a - Corona                Hex            ###....      1%          1    ##.....
c - Confuse               Hex            ###.....     6%          3    ####...


Dungeon Overview and Level Annotations

Branches:
Dungeon (3/27)

Altars:

Annotations:
D:3 Edwina's ghost, average DjVM


Innate Abilities, Weirdness & Mutations

You heal slowly.
You have razor-sharp teeth.*
You have supernaturally acute eyesight.
You can survive without breathing.*


Message History

The ball explodes into a vile cloud!
The stinking cloud engulfs you!
The stinking cloud engulfs Edwina's ghost.
Casting: Confuse
Confirm with . or Enter, or press ? or * to list all spells.
Aiming: Confuse
Press: ? - help, Shift-Dir - straight line, f/p - Edwina's ghost
Aim: Edwina's ghost (noxious fumes)
You miscast Confuse.
You are very lightly contaminated with residual magic.
Your hands glow momentarily.
Edwina's ghost hits you.
* * * LOW HITPOINT WARNING * * *
A bat comes into view.
Casting: Confuse
Confirm with . or Enter, or press ? or * to list all spells.
Aiming: Confuse
Press: ? - help, Shift-Dir - straight line, f/p - Edwina's ghost
Aim: Edwina's ghost (noxious fumes) Edwina's ghost resists with some effort.
Edwina's ghost hits you.
You die...

# .. .# .#
##.######
.........
#........
#§§...?##.
#@§..b....
#p#....##.
#.#....##.#
#§#s.....
#.#J..#...
#.#...#.#.#
#.........#
#.#.....#.#.#
#...<...# #


You could see Edwina's ghost and a bat.

Vanquished Creatures
  An adder (D:2)
  A worm (D:2)
  An ooze (D:3)
  3 bats
  3 giant cockroaches
  6 goblins
  3 hobgoblins
  2 jackals (D:3)
  A quokka (D:2)
  5 kobolds
  9 rats
35 creatures vanquished.

Notes
Turn   | Place    | Note
--------------------------------------------------------------
     0 | D:1      | PolkaDot, the Vampire Enchanter, began the quest for the Orb.
     0 | D:1      | Reached XP level 1. HP: 13/13 MP: 4/4
   137 | D:1      | Reached XP level 2. HP: 13/19 MP: 5/5
   305 | D:1      | Reached skill level 5 in Hexes
   560 | D:2      | Reached XP level 3. HP: 16/24 MP: 4/6
   566 | D:2      | Learned a level 3 spell: Confuse
  1345 | D:3      | Noticed Edwina's ghost (average DjVM)
  1371 | D:3      | Slain by Edwina's ghost

Action                   || total
-------------------------++-------
Melee: Dagger            ||   118
Throw: Dart              ||     2
 Cast: Corona            ||     2
       Confuse           ||     5
  Use: Potion            ||     5
 Stab: Sleeping          ||     3
       Confused          ||     1
